 Dungeon Crawl Stone Soup version 0.31-a0-654-gbe3e110b4e (webtiles) character file.

Game seed: 13147477698374588148

165911 mopl the Polluter (level 18, -17/130 (142) HPs)
             Began as a Formicid Venom Mage on Aug 28, 2023.
             Was a High Priest of Cheibriados.
             Demolished by a peacekeeper (18 damage)
             ... summoned by a halazid warlock
             ... in the Desolation of Salt on Aug 29, 2023.
             The game lasted 01:14:57 (26560 turns).

mopl the Polluter (Formicid Venom Mage)            Turns: 26560, Time: 01:14:58

HP:   -17/130 (142) AC: 26    Str: 26    XL:     18   Next: 52%
MP:   28/28         EV: 15    Int: 40    God:    Cheibriados [*****.]
Gold: 2812          SH: 20    Dex: 26    Spells: 5/27 levels left

rFire   + . .        b - +5 woodcutter's axe
rCold   + . .        u - +1 kite shield {rC+}
rNeg    . . .        G - +4 plate armour {rF+}
rPois   .            (helmet unavailable)
rElec   .            X - scarf {harm}
rCorr   .            W - +0 pair of gloves
SInv    +            Q - +0 pair of boots
Will    +....        J - amulet of reflection Stlth
                     y - +4 ring of protection
HPRegen 0.41/turn    n - +6 ring of intelligence
MPRegen 0.21/turn

%: harm (+30% outgoing, +20% incoming), reflection
@: drained, very slow
A: permanent stasis, dig shafts and tunnels, antennae 3, four strong arms
a: Dig, Renounce Religion, Bend Time, Temporal Distortion, Slouch, Step From
Time


You were in the Desolation of Salt.
You worshipped Cheibriados.
Cheibriados was extremely pleased with you.
You visited 5 branches of the dungeon, and saw 25 of its levels.
You visited the Abyss 1 time.
You also visited: Sewer, Ossuary, Bailey, Gauntlet, Ice Cave, Volcano and Desolation.

You collected 3529 gold pieces.
You spent 717 gold pieces at shops.

Inventory:

Hand Weapons
 b - the +5 woodcutter's axe (weapon)
   (You found it on level 9 of the Dungeon)
 w - a +2 broad axe of flaming
 E - the +9 sword of Zonguldrok {reap}
   (You found it in the Desolation of Salt)
 H - a +1 battleaxe of freezing
 S - a +2 demon trident of flaming
 V - the +10 shortbow of Mastery {elec, rF+ Str+2 SInv}
   (You found it in a Gauntlet)

   Str+2:     It affects your strength (+2).
   rF+:       It protects you from fire.
   SInv:      It lets you see invisible.
Missiles
 g - 35 boomerangs
 l - 5 silver javelins
 m - 41 poisoned darts
 s - 11 curare-tipped darts
 z - 3 throwing nets
Armour
 h - a +1 scale mail of poison resistance
 u - a +1 kite shield of cold resistance (worn)
 G - a +4 plate armour of fire resistance (worn)
 Q - a +0 pair of boots (worn)
 W - a +0 pair of gloves (worn)
 X - a scarf of harm (worn)
Magical Staves
 a - a staff of poison
Jewellery
 n - a +6 ring of intelligence (right hand)
 y - a +4 ring of protection (left hand)
 A - a ring of resist corrosion
 J - an amulet of reflection (around neck)
 O - an amulet of the acrobat
Wands
 c - a wand of charming (20)
 e - a wand of iceblast (25)
 r - a wand of polymorph (24)
 v - a wand of digging (9)
 L - a wand of acid (5)
Scrolls
 i - 2 scrolls of silence {!r}
 o - a scroll of identify
 p - 2 scrolls of brand weapon
 B - 2 scrolls of summoning
 D - 4 scrolls of fear {unknown}
 I - a scroll of poison
 K - 8 scrolls of vulnerability {unknown}
 P - 2 scrolls of revelation
 Z - 3 scrolls of fog
Potions
 d - 12 potions of curing
 f - 5 potions of might
 j - 8 potions of brilliance
 q - 8 potions of heal wounds
 t - 5 potions of resistance
 x - 2 potions of magic
 C - 5 potions of lignification {!q}
 F - 2 potions of invisibility
 R - 2 potions of cancellation
 Y - a potion of ambrosia
Miscellaneous
 k - a phantom mirror (inert)
 N - a condenser vane


   Skills:
 + Level 12.6 Fighting
 * Level 10.6 Axes
 + Level 3.2 Throwing
 + Level 12.5 Armour
 + Level 10.5 Dodging
 - Level 2.4 Stealth
 + Level 11.4 Shields
 - Level 5.0 Spellcasting
 - Level 8.0 Transmutations
 + Level 17.0 Poison Magic
 + Level 13.4 Invocations
 + Level 11.5 Evocations


You had 5 spell levels left.
You knew the following spells:

 Your Spells              Type           Power      Damage    Failure   Level
a - Sting                 Tmut/Pois      100%       1d8       1%          1
b - Eringya's Noxious Bo  Tmut/Pois      42%        4d6       34%         6
c - Mephitic Cloud        Conj/Pois/Air  53%        N/A       11%         3
d - Alistair's Intoxicat  Tmut/Pois      56%        N/A       6%          5
g - Ignite Poison         Fire/Tmut/Pois 67%        N/A       3%          3
o - Olgreb's Toxic Radia  Pois           98%        N/A       1%          4

Your spell library contained the following spells:

 Spells                   Type           Power      Damage    Failure   Level
 Poisonous Vapours        Pois/Air       100%       N/A       1%          2
 Wereblood                Tmut           65%        N/A       2%          2
 Kiss of Death            Conj/Necr      40%        2d8       36%         1
 Magic Dart               Conj           40%        1d5       36%         1
 Necrotise                Necr           40%        1d6       36%         1
 Call Imp                 Summ           20%        N/A       50%         2
 Searing Ray              Conj           20%        2d5       50%         2
 Static Discharge         Conj/Air       20%        2-3/arc   50%         2
 Sublimation of Blood     Necr           10%        N/A       50%         2
 Call Canine Familiar     Summ           10%        N/A       75%         3
 Confusing Touch          Hex            10%        N/A       75%         3
 Dazzling Flash           Conj/Hex       20%        N/A       75%         3
 Portal Projectile        Hex/Tloc       20%        N/A       75%         3
 Vampiric Draining        Necr           10%        2d6       75%         3
 Airstrike                Air            5%         2d(1-17)  98%         4
 Dispel Undead            Necr           10%        3d9       98%         4
 Fulminant Prism          Conj/Hex       5%         3d7       98%         4
 Leda's Liquefaction      Hex/Erth       5%         N/A       98%         4
 Sticky Flame             Conj/Fire      10%        2d3       98%         4
 Summon Lightning Spire   Summ/Air       10%        N/A       98%         4
 Agony                    Necr           10%        N/A       100%        5
 Arcjolt                  Conj/Air       5%         1d15      100%        5
 Borgnjor's Vile Clutch   Necr/Erth      5%         N/A       100%        5
 Freezing Cloud           Conj/Ice/Air   5%         6-21      100%        5
 Iskenderun's Battlesphe  Conj           10%        2d6       100%        5
 Silence                  Hex/Air        5%         N/A       100%        5
 Leda's Unmaking          Conj/Erth      5%         9d2       100%        6
 Summon Cactus Giant      Summ           5%         N/A       100%        6
 Spellforged Servitor     Conj/Summ      5%         N/A       100%        7
 Summon Hydra             Summ           5%         N/A       100%        7
 Ignition                 Fire           5%         3d4       100%        8
 Chain Lightning          Conj/Air       5%         3d6       100%        9
 Fire Storm               Conj/Fire      5%         8d1       100%        9
 Shatter                  Erth           5%         3d8*      100%        9


Dungeon Overview and Level Annotations

Branches:
Dungeon (15/15)            Temple (1/1) D:6            Lair (5/5) D:9
  Swamp (0/4) Lair:2       Spider (0/4) Lair:2        Slime (0/5) Lair:5
    Orc (2/2) D:9             Elf (2/3) Orc:2        Vaults (0/5) D:13
 Depths (0/4) D:15          Sewer (visited)         Ossuary (visited)
 Bailey (visited)           IceCv (visited)         Volcano (visited)
Desolation (1/1)          Gauntlet (visited)

Altars:
Ashenzari
Cheibriados
Dithmenos
Elyvilon
Fedhas
Gozag
Hepliaklqana
Kikubaaqudgha
Makhleb
Nemelex Xobeh
Okawaru
Qazlal
Ru
Sif Muna
Trog
Uskayaw
Vehumet
Wu Jian
Xom
Yredelemnul
Zin
The Shining One
Jiyva

Shops:
Orc:2 ==!*[

Annotations:
D:14 3 runed translucent doors, Daburuh's ghost, journeyman DsSh
Lair:2 exclusion: oklob plant
Lair:4 1 runed translucent door, Urontig's ghost, journeyman AtMo
Lair:5 1 runed translucent door


Innate Abilities, Weirdness & Mutations

You cannot be hasted, slowed, berserked, paralysed or teleported.
You can dig through walls and to a lower floor.
You have a pair of large antennae on your head. (SInv)
Your four strong arms can wield two-handed weapons with a shield.


Message History

The ragged hierophant dissolves into shadows!
You closely miss the halazid warlock.
You hit the peacekeeper but do no damage.
You barely miss the imperial myrmidon. You hit the servant of whispers.
The peacekeeper roars a battlecry!
The saltlings go into a battle-frenzy!
You block the halazid warlock's attack. You block the peacekeeper's attack. x2
The servant of whispers hits you but does no damage.
You slice the halazid warlock!!
The halazid warlock is heavily damaged.
You hit the peacekeeper but do no damage.
You barely miss the imperial myrmidon.
You closely miss the servant of whispers.
You block the halazid warlock's attack.
The imperial myrmidon hits you but does no damage.
The peacekeeper bites you but does no damage.
You block the peacekeeper's attack.
The servant of whispers invokes the aid of its god against you.
The bolt of lightning hits you!
You hear a shout!
You completely miss the halazid warlock.
The halazid warlock is heavily damaged.
You hit the peacekeeper but do no damage.
You hit the saltling. You slash the imperial myrmidon!
You slice the servant of whispers!! You block the peacekeeper's attack.
The peacekeeper claws you but does no damage.
The imperial myrmidon points at you and mumbles some strange words.
You resist with some effort. The saltling hits you!
The halazid warlock casts a spell at the saltling.
The saltling's animating energy erupts into ghostly fire!
The ghostly flame explodes!
The ghostly fireball engulfs the peacekeeper.
The peacekeeper completely resists.
The ghostly fireball engulfs you!!!
You feel drained.
Ouch! That really hurt!
The servant of whispers invokes the aid of its god against you.
The bolt of lightning hits you!!
* * * LOW HITPOINT WARNING * * *
The peacekeeper bites you!
You die...

.......#......................
.|).#..#......................
#..##..........§..............
######...§.§§..§..............
#...#..#...§.§......L....L....
.......#♣..§§§§§§.............
.)..)..#§§§§§.§§a§§....)......
.......#§§§§§§§§9L§...).......
.####.##..§§§§§§@a9)).........
.........§§§.§§§9a§...........
..............§§..............
..............................
##############################
##############################
##############################
#############################
#######################


You could see a ragged hierophant (summoned), a servant of whispers (summoned),
an imperial myrmidon (summoned), a halazid warlock, a peacekeeper (summoned) and
2 saltlings.

Vanquished Creatures
  Rupert (Lair:3)
  Jorgrun (D:13)
  A tentacled starspawn (Abyss:3)
  Kirke (Lair:4)
  A frost giant (D:13)
  2 orc warlords
  A quicksilver ooze (shapeshifter) (D:13)
  A very ugly thing (D:13)
  A reaper (IceCv)
  A deep elf demonologist (Elf:2)
  2 halazid warlocks (Desolation)
  An eleionoma (Lair:2)
  A minotaur (Gauntlet)
  A red draconian (Volcano)
  A dire elephant (Lair:2)
  7 ragged hierophants
  6 servants of whispers (Desolation)
  4 hydras
  3 peacekeepers (Desolation)
  A vault guard (D:13)
  13 centaur warriors
  2 ogre magi (D:15)
  3 boulder beetles
  Erica (Orc:1)
  2 dancing weapons (Elf:1)
  13 two-headed ogres
  2 catoblepae
  A death scarab (Gauntlet)
  10 death yaks
  A tengu warrior (D:13)
  A vampire mage (Abyss:3)
  6 orc high priests
  4 deep elf knights (Elf:2)
  Amaemon (D:8)
  A hell knight (D:13)
  A wretched star (Abyss:3)
  4 skysharks
  A flayed ghost (D:13)
  5 deep elf archers
  An obsidian statue (Volcano)
  7 orc knights
  An ironbound convoker (Desolation)
  2 lindwurms
  A phantasmal warrior (D:13)
  16 deep elf pyromancers
  2 necromancers
  7 deep elf zephyrmancers
  4 orc sorcerers
  14 ugly things
  4 cyclopes
  A salamander (shapeshifter) (D:13)
  A guardian serpent (Desolation)
  A guardian serpent (shapeshifter) (D:13)
  10 elephants
  4 manticores
  4 black mambas
  2 centaur zombies (D:15)
  A molten gargoyle (Desolation)
  An orange demon (D:8)
  3 smoke demons
  9 cane toads
  2 naga magi (D:15)
  2 ice statues (IceCv)
  6 rime drakes
  3 large abominations (Abyss:3)
  Maggie (D:8)
  2 gargoyles
  2 anaconda simulacra (IceCv)
  3 yaktaurs
  2 efreet
  14 komodo dragons
  3 freezing wraiths
  4 ice devils (IceCv)
  2 ancient zymes
  8 trolls
  A merfolk (D:10)
  6 polar bears
  4 hornets (Lair:5)
  14 blink frogs
  32 saltlings
  4 raiju
  6 slime creatures
  A spectral dream sheep (Gauntlet)
  A jumping spider (Lair:2)
  13 dream sheep
  3 dire elephant simulacra (IceCv)
  A centaur simulacrum (D:15)
  A shadow (D:12)
  3 air elementals (Elf:1)
  5 wraiths
  2 fire elementals (Gauntlet)
  A human (Lair:4)
  2 wyverns
  11 spriggans (Lair:5)
  2 hogs (Lair:4)
  A vampire (D:13)
  37 yaks
  Grum (D:11)
  10 basilisks
  4 fire bats (Volcano)
  A neqoxec (Abyss:3)
  10 vampire mosquitoes
  2 steam dragons
  3 wargs
  Menkaure (D:5)
  2 harpy simulacra (IceCv)
  2 acid dragons
  2 hydra simulacra (IceCv)
  13 water moccasins
  3 hell hounds (Gauntlet)
  A hornet zombie (D:15)
  44 orc warriors
  2 sky beasts
  8 black bears
  30 wolves
  5 boggarts (Lair:5)
  12 ogres
  11 centaurs
  4 kobold brigands
  12 bullfrogs
  A cane toad simulacrum (IceCv)
  A two-headed ogre simulacrum (IceCv)
  4 scorpions
  13 wights
  12 killer bees
  A troll skeleton (D:13)
  An elephant simulacrum (IceCv)
  A vampire bat (D:9)
  6 spriggan skeletons (D:13)
  2 howler monkeys
  7 electric eels
  5 lava snakes (Volcano)
  A quasit (Abyss:3)
  2 jellies
  2 gnoll boudas
  26 orc priests
  2 hounds
  2 iguanas (D:4)
  20 orc wizards
  Ijyb (D:5)
  2 wolf simulacra (IceCv)
  8 mummies (Ossuary)
  5 adders
  20 gnolls
  10 river rats (Sewer)
  15 white imps
  3 worms
  2 dart slugs
  119 orcs
  9 bats
  6 endoplasms
  3 giant cockroaches
  12 goblins
  14 hobgoblins
  2 quokkas (D:3)
  12 ball pythons
  4 frilled lizards
  2 gnoll zombies (Ossuary)
  A hobgoblin zombie (Ossuary)
  33 kobolds
  2 kobold zombies (Ossuary)
  3 orc zombies (Ossuary)
  30 rats
  A starspawn tentacle (Abyss:3)
1022 creatures vanquished.

Vanquished Creatures (others)
  A halazid warlock (Desolation)
  A cane toad (Lair:1)
  A shadow (D:9)
  A small abomination (Abyss:3)
  An ufetubus (Abyss:3)
  5 starspawn tentacles (Abyss:3)
10 creatures vanquished.

Grand Total: 1032 creatures vanquished

Notes
Turn   | Place    | Note
-------+----------+-------------------------------------------
     0 | D:1      | mopl the Formicid Venom Mage began the quest for the Orb.
     0 | D:1      | Reached XP level 1. HP: 13/13 MP: 3/3
   155 | D:1      | Reached XP level 2. HP: 17/19 MP: 0/5
   297 | D:1      | Found a faded altar of an unknown god.
   638 | D:2      | Reached XP level 3. HP: 24/24 MP: 5/7
   693 | D:2      | Reached skill level 3 in Spellcasting
   721 | D:2      | Found a blossoming altar of Fedhas.
  1018 | D:2      | Reached skill level 5 in Poison Magic
  1297 | D:3      | Reached XP level 4. HP: 29/30 MP: 0/8
  1302 | D:3      | Learned a level 4 spell: Olgreb's Toxic Radiance
  1454 | D:3      | Reached skill level 6 in Poison Magic
  1499 | D:3      | Found an iron altar of Okawaru.
  1609 | D:3      | Noticed a scorpion
  1614 | D:3      | Killed a scorpion
  1615 | D:3      | Reached skill level 7 in Poison Magic
  1615 | D:3      | Reached XP level 5. HP: 35/35 MP: 4/9
  1945 | D:4      | Found an opulent altar of Gozag.
  2162 | D:4      | Reached XP level 6. HP: 41/41 MP: 7/10
  2196 | D:4      | Reached skill level 8 in Poison Magic
  2196 | D:4      | Upgraded the game from 0.31-a0-640-g39d97e502b to
                  | 0.31-a0-654-gbe3e110b4e
  2198 | D:4      | You fall into a shaft and drop 2 floors!
  2253 | D:6      | Noticed a black bear
  2260 | D:6      | Killed a black bear
  2278 | D:6      | Reached skill level 9 in Poison Magic
  2278 | D:6      | Reached XP level 7. HP: 20/46 MP: 1/11
  2369 | D:6      | Found a staircase to the Ecumenical Temple.
  2390 | Temple   | Entered the Ecumenical Temple
  2503 | D:6      | Found a snail-covered altar of Cheibriados.
  2556 | D:6      | Found a sparkling altar of Nemelex Xobeh.
  2587 | D:6      | Became a worshipper of Cheibriados the Contemplative
  2928 | D:6      | Reached skill level 1 in Fighting
  2928 | D:6      | Reached skill level 1 in Armour
  2928 | D:6      | Reached skill level 2 in Dodging
  2928 | D:6      | Reached skill level 1 in Invocations
  3017 | D:5      | Entered Level 5 of the Dungeon
  3099 | D:5      | Found a glowing drain.
  3104 | D:5      | Reached * piety under Cheibriados
  3112 | Sewer    | Entered a sewer
  3190 | Sewer    | Reached ** piety under Cheibriados
  3322 | Sewer    | Reached skill level 2 in Fighting
  3322 | Sewer    | Reached skill level 2 in Invocations
  3322 | Sewer    | Reached XP level 8. HP: 32/56 MP: 6/12
  3329 | Sewer    | Reached skill level 2 in Armour
  3329 | Sewer    | Reached skill level 10 in Poison Magic
  3407 | Sewer    | Reached *** piety under Cheibriados
  3727 | D:4      | Noticed Menkaure
  3737 | D:5      | Killed Menkaure
  3787 | D:4      | Reached skill level 3 in Dodging
  3907 | D:4      | Reached skill level 3 in Fighting
  3907 | D:4      | Reached skill level 3 in Invocations
  4047 | D:4      | Reached skill level 3 in Armour
  4361 | D:5      | Learned a level 3 spell: Mephitic Cloud
  4367 | D:5      | Learned a level 5 spell: Alistair's Intoxication
  4478 | D:5      | Reached XP level 9. HP: 37/64 MP: 3/13
  4826 | D:5      | Reached **** piety under Cheibriados
  4836 | D:5      | Reached skill level 4 in Invocations
  5224 | D:5      | Noticed Ijyb
  5234 | D:5      | Killed Ijyb
  5235 | D:5      | Reached skill level 4 in Fighting
  5401 | D:7      | Found an ancient bone altar of Kikubaaqudgha.
  5409 | D:7      | Reached skill level 4 in Armour
  5409 | D:7      | Reached skill level 2 in Transmutations
  5422 | D:7      | Reached skill level 4 in Dodging
  5600 | D:7      | Reached skill level 11 in Poison Magic
  5763 | D:7      | Found a sacrificial altar of Ru.
  5817 | D:7      | Reached skill level 5 in Invocations
  5881 | D:7      | Reached skill level 3 in Transmutations
  6046 | D:8      | Reached ***** piety under Cheibriados
  6052 | D:8      | Reached skill level 1 in Evocations
  6058 | D:8      | Reached XP level 10. HP: 64/73 MP: 10/14
  6077 | D:8      | Reached skill level 5 in Armour
  6080 | D:8      | Reached skill level 5 in Fighting
  6090 | D:8      | Found a radiant altar of Vehumet.
  6220 | D:8      | Found a sand-covered staircase.
  6228 | Ossuary  | Entered an ossuary
  6631 | D:8      | Reached skill level 2 in Evocations
  6674 | D:8      | Noticed Maggie
  6683 | D:8      | Killed Maggie
  6915 | D:8      | Noticed Amaemon
  6932 | D:8      | Noticed an orange demon
  6934 | D:8      | Killed Amaemon
  6935 | D:8      | Reached skill level 4 in Transmutations
  6974 | D:8      | Killed an orange demon
  6975 | D:8      | Reached skill level 5 in Dodging
  6975 | D:8      | Reached skill level 6 in Invocations
  7176 | D:8      | Reached skill level 3 in Evocations
  7540 | D:9      | Found a shimmering blue altar of Sif Muna.
  7544 | D:9      | Found a white marble altar of Elyvilon.
  7547 | D:9      | Noticed a two-headed ogre
  7557 | D:9      | Killed a two-headed ogre
  7558 | D:9      | Reached skill level 4 in Spellcasting
  7604 | D:9      | Found the +5 woodcutter's axe
  7605 | D:9      | Found a flagged portal.
  7617 | Bailey   | Entered a bailey
  7673 | Bailey   | Reached skill level 6 in Fighting
  7673 | Bailey   | Reached skill level 6 in Armour
  7689 | Bailey   | Acquired 664 gold pieces
  7694 | Bailey   | Noticed an orc high priest
  7699 | Bailey   | Noticed a sixfirhy
  7699 | Bailey   | Noticed a sixfirhy
  7701 | Bailey   | Killed an orc high priest
  7702 | Bailey   | Reached skill level 12 in Poison Magic
  7702 | Bailey   | Reached XP level 11. HP: 81/81 MP: 5/17
  7837 | Bailey   | Reached skill level 4 in Evocations
  7876 | Bailey   | Reached skill level 5 in Transmutations
  7882 | Bailey   | Noticed an orc knight
  7895 | Bailey   | Killed an orc knight
  7928 | Bailey   | Reached ****** piety under Cheibriados
  7988 | Bailey   | Reached skill level 7 in Invocations
  8019 | Bailey   | Noticed an orc knight
  8043 | Bailey   | Killed an orc knight
  8240 | Bailey   | Found an iron altar of Okawaru.
  8267 | Bailey   | Identified the +1 shortbow of Anguish {drain, rF- rN+
                  | Str+2}
  8498 | D:9      | Found a shimmering altar of Xom.
  8590 | D:9      | Reached skill level 6 in Dodging
  8603 | D:9      | Reached skill level 7 in Armour
  8689 | D:9      | Reached skill level 7 in Fighting
  8741 | D:9      | Reached skill level 5 in Evocations
  8765 | D:9      | Found a staircase to the Lair.
  8919 | D:9      | Found a staircase to the Orcish Mines.
  9016 | Orc:1    | Entered Level 1 of the Orcish Mines
  9037 | Orc:1    | Reached skill level 5 in Spellcasting
  9049 | Orc:1    | Found a frozen archway.
  9080 | IceCv    | Entered an ice cave
  9094 | IceCv    | Reached XP level 12. HP: 71/91 MP: 19/19
  9927 | IceCv    | Reached skill level 8 in Invocations
 10208 | IceCv    | Reached skill level 13 in Poison Magic
 10513 | IceCv    | Reached skill level 6 in Evocations
 10853 | IceCv    | HP: 4/92 [dire elephant simulacrum (12)]
 11116 | IceCv    | Noticed a reaper
 11121 | IceCv    | Killed a reaper
 11122 | IceCv    | Reached skill level 8 in Fighting
 11122 | IceCv    | Reached skill level 1 in Axes
 11122 | IceCv    | Reached skill level 8 in Armour
 11549 | Orc:2    | Entered Level 2 of the Orcish Mines
 11609 | Orc:1    | Noticed Erica
 11615 | Orc:1    | Killed Erica
 11616 | Orc:1    | Reached skill level 1 in Shields
 11698 | Orc:1    | Reached skill level 7 in Dodging
 11781 | Orc:1    | Noticed an orc warlord
 11795 | Orc:1    | Killed an orc warlord
 11796 | Orc:1    | Reached skill level 2 in Axes
 11796 | Orc:1    | Reached skill level 2 in Shields
 11908 | Orc:2    | Found a staircase to the Elven Halls.
 11932 | Orc:2    | Noticed an orc warlord
 11936 | Orc:2    | Reached skill level 9 in Invocations
 11936 | Orc:2    | Reached XP level 13. HP: 99/99 MP: 11/20
 11945 | Orc:2    | Killed an orc warlord
 11954 | Orc:2    | Reached skill level 3 in Shields
 12335 | Orc:2    | Found Lubaph's Jewellery Shoppe.
 12379 | Orc:2    | Reached skill level 7 in Evocations
 12419 | Orc:2    | Reached skill level 3 in Axes
 12588 | Orc:2    | Reached skill level 4 in Shields
 12601 | Orc:2    | Reached skill level 9 in Armour
 12634 | Orc:2    | Reached skill level 9 in Fighting
 12712 | Orc:2    | Reached skill level 14 in Poison Magic
 12723 | Orc:2    | Reached skill level 4 in Axes
 12808 | Orc:2    | Found Zohaop's Distillery.
 12808 | Orc:2    | Found Heuhoa's Jewellery Emporium.
 12809 | Orc:2    | Found Wytoc's Antique Armour Emporium.
 12809 | Orc:2    | Found Qudaem's Assorted Antiques.
 12817 | Orc:2    | Bought a scroll labelled LUZESM KUNOEGG for 29 gold pieces
 12817 | Orc:2    | Bought an encrusted silver wand for 116 gold pieces
 12820 | Orc:2    | Bought a potion of ambrosia for 104 gold pieces
 12820 | Orc:2    | Bought a potion of cancellation for 104 gold pieces
 12820 | Orc:2    | Bought 2 potions of heal wounds for 130 gold pieces
 12820 | Orc:2    | Bought a potion of heal wounds for 65 gold pieces
 12820 | Orc:2    | Bought 2 potions of curing for 78 gold pieces
 12820 | Orc:2    | Bought a potion of might for 52 gold pieces
 12820 | Orc:2    | Bought a potion of curing for 39 gold pieces
 12964 | Lair:1   | Entered Level 1 of the Lair of Beasts
 13079 | Lair:1   | Identified the +5 robe of Iryssu {rC++ Str-3 Dex+3}
 13174 | Lair:1   | Learned a level 6 spell: Eringya's Noxious Bog
 13474 | Lair:1   | Reached skill level 5 in Shields
 13602 | Lair:1   | Reached skill level 10 in Invocations
 13608 | Lair:1   | Reached XP level 14. HP: 102/108 MP: 14/21
 13693 | Lair:1   | Reached skill level 8 in Dodging
 13882 | Lair:2   | Reached skill level 8 in Evocations
 14110 | Lair:2   | Reached skill level 5 in Axes
 14136 | Lair:2   | Reached skill level 6 in Shields
 14171 | Lair:2   | Noticed an eleionoma
 14176 | Lair:2   | Killed an eleionoma
 14177 | Lair:2   | Found a staircase to the Swamp.
 14304 | Lair:2   | Found a hole to the Spider Nest.
 14446 | Lair:2   | Noticed a dire elephant
 14467 | Lair:2   | Found a runed translucent door.
 14485 | Lair:2   | Reached skill level 6 in Transmutations
 14511 | Lair:2   | Killed a dire elephant
 14512 | Lair:2   | Reached skill level 10 in Fighting
 14969 | Lair:3   | Reached skill level 10 in Armour
 15066 | Lair:3   | Noticed Rupert
 15078 | Lair:3   | Killed Rupert
 15359 | Lair:3   | Reached skill level 7 in Shields
 15508 | Lair:3   | Reached XP level 15. HP: 115/115 MP: 15/23
 15663 | Lair:4   | Reached skill level 6 in Axes
 15663 | Lair:4   | Reached skill level 15 in Poison Magic
 15745 | Lair:4   | Reached skill level 11 in Invocations
 15745 | Lair:4   | Reached skill level 9 in Evocations
 15795 | Lair:4   | Found a dark tunnel.
 15804 | Volcano  | Entered a volcano
 16043 | Volcano  | Found a bloodstained altar of Trog.
 16725 | Lair:4   | Reached skill level 7 in Transmutations
 16726 | Lair:4   | Found a runed translucent door.
 16726 | Lair:4   | Noticed Urontig's ghost (journeyman AtMo)
 16815 | Lair:4   | Identified the +6 leather armour of Onko {rF+++ Will+ rCorr
                  | Dex-5}
 16866 | Lair:4   | Noticed Kirke
 16874 | Lair:4   | Killed Kirke
 17310 | Lair:5   | Entered Level 5 of the Lair of Beasts
 17350 | Lair:5   | Reached skill level 9 in Dodging
 17427 | Lair:5   | Reached skill level 8 in Shields
 17497 | Lair:5   | Identified the +0 robe "Forget-Me-Not" {rPois Str+3}
 18086 | Lair:5   | Found a runed translucent door.
 18086 | Lair:5   | Found a viscous altar of Jiyva.
 18087 | Lair:5   | Found a staircase to the Slime Pits.
 18087 | Lair:5   | Noticed an acid blob
 18389 | D:10     | Entered Level 10 of the Dungeon
 18406 | D:10     | Reached skill level 11 in Fighting
 18428 | D:10     | Found a glowing silver altar of Zin.
 18656 | D:10     | Found a shadowy altar of Dithmenos.
 19048 | D:11     | Reached XP level 16. HP: 84/125 MP: 18/24
 19197 | D:11     | Noticed Grum
 19204 | D:11     | Killed Grum
 19539 | D:11     | Reached skill level 11 in Armour
 19777 | D:12     | Reached skill level 7 in Axes
 20268 | D:12     | Learned a level 3 spell: Ignite Poison
 20361 | D:13     | Noticed Jorgrun
 20372 | D:13     | Killed Jorgrun
 20432 | D:13     | Found a gate leading to a gauntlet.
 20436 | Gauntlet | Entered a Gauntlet
 20436 | Gauntlet | Found a transporter.
 20436 | Gauntlet | Found a transporter.
 20436 | Gauntlet | Found a transporter.
 20437 | Gauntlet | Found a transporter.
 20440 | Gauntlet | Found a transporter.
 20440 | Gauntlet | Found a transporter.
 20457 | Gauntlet | Found a transporter.
 20458 | Gauntlet | Found a transporter.
 20467 | Gauntlet | Found a transporter.
 20480 | Gauntlet | Found a transporter.
 20497 | Gauntlet | Found a transporter.
 20501 | Gauntlet | Found a transporter.
 20697 | Gauntlet | Reached skill level 8 in Transmutations
 20699 | Gauntlet | Reached skill level 10 in Evocations
 20700 | Gauntlet | Reached skill level 9 in Shields
 20720 | Gauntlet | Identified the +10 shortbow of Mastery {elec, rF+ Str+2
                  | SInv}
 20723 | Gauntlet | Identified the amulet of Xom's Bemusement {Acrobat rF+ MP-9
                  | Int+2}
 20746 | Gauntlet | Found the +3 pair of seven-league boots {Rampage+∞}
 21177 | D:13     | Reached skill level 12 in Invocations
 21257 | D:13     | Found a runed translucent gate.
 21257 | D:13     | Found a runed translucent gate.
 21257 | D:13     | Found a runed translucent gate.
 21262 | D:13     | Reached skill level 8 in Axes
 21298 | D:13     | Noticed a frost giant
 21299 | D:13     | Found a runed translucent gate.
 21299 | D:13     | Found a runed translucent gate.
 21299 | D:13     | Found a runed translucent gate.
 21328 | D:13     | Reached skill level 16 in Poison Magic
 21638 | D:13     | Found a gate to the Vaults.
 21851 | D:13     | Killed a frost giant
 21916 | D:13     | Identified the +1 glaive "Agebaf" {venom, Str-3 Int+7}
 22077 | D:14     | Found a runed translucent gate.
 22078 | D:14     | Found a runed translucent gate.
 22079 | D:14     | Found a runed translucent gate.
 22080 | D:14     | Found an opulent altar of Gozag.
 22081 | D:14     | Noticed Daburuh's ghost (journeyman DsSh)
 22082 | D:14     | Noticed a fire giant
 22170 | D:14     | Reached XP level 17. HP: 133/133 MP: 21/26
 22729 | D:15     | Entered Level 15 of the Dungeon
 22764 | D:15     | Reached skill level 10 in Shields
 22771 | D:15     | Reached skill level 9 in Axes
 22880 | D:15     | Reached skill level 10 in Dodging
 22919 | D:15     | Reached skill level 12 in Fighting
 23184 | D:15     | Reached skill level 12 in Armour
 23304 | D:15     | Found a staircase to the Depths.
 23312 | D:15     | Identified the +2 short sword "Hotakh" {vamp, rC+ Str-4
                  | Dex+3}
 23711 | Elf:1    | Entered Level 1 of the Elven Halls
 23730 | Elf:1    | Found a radiant altar of Vehumet.
 24014 | Elf:1    | Reached skill level 1 in Throwing
 24317 | Elf:1    | Reached skill level 11 in Evocations
 24847 | Abyss:2  | Cast into level 2 of the Abyss (a deep elf demonologist)
 24909 | Abyss:3  | Found a corrupted altar of Lugonu.
 24944 | Abyss:3  | Found a corrupted altar of Lugonu.
 24960 | Abyss:3  | Found a corrupted altar of Lugonu.
 24960 | Abyss:3  | Found a corrupted altar of Lugonu.
 25064 | Abyss:3  | Found a viscous altar of Jiyva.
 25064 | Abyss:3  | Found a viscous altar of Jiyva.
 25064 | Abyss:3  | Found a viscous altar of Jiyva.
 25088 | Abyss:3  | Reached skill level 13 in Invocations
 25098 | Abyss:3  | Noticed a tentacled starspawn
 25112 | Abyss:3  | Killed a tentacled starspawn
 25124 | Abyss:3  | Found a corrupted altar of Lugonu.
 25164 | Abyss:3  | Reached skill level 10 in Axes
 25177 | Elf:2    | Escaped the Abyss
 25188 | Elf:2    | Reached skill level 2 in Throwing
 25212 | Elf:2    | Reached XP level 18. HP: 116/141 MP: 18/27
 25229 | Elf:2    | Reached skill level 11 in Shields
 25240 | Elf:2    | Found a crumbling gateway.
 25247 | Desolati | Entered the Desolation of Salt
 25804 | Desolati | Found the +9 sword of Zonguldrok {reap}
 25810 | Desolati | Identified the +1 scale mail "Othofaapp" {Harm rPois rN+}
 25829 | Desolati | Identified the +7 great mace "Sotaw" {flame, *Slow rN+
                  | Will+}
 25831 | Desolati | Got Halic's Directory of Assembled Gases
 25995 | Desolati | Reached skill level 17 in Poison Magic
 25999 | Desolati | Reached skill level 3 in Throwing
 26263 | Desolati | HP: 4/137 [halazid warlock/bolt of cold (32)]
 26480 | Desolati | Identified the +0 troll leather armour of Fun and Games
                  | {+Inv rC+ Regen+ Str-3 Dex+3}
 26560 | Desolati | HP: 1/130 [servant of whispers/bolt of lightning[a halazid
                  | warlock] (40)]
 26560 | Desolati | Demolished by a peacekeeper

Illustrated notes

Levels and vault maps discovered:
D:1:      dpeg_arrival_windows_large_door, layout_basic,
          hellmonk_ecumenical_altar_blasted
D:2:      layout_loops_ring, basic_altar
D:3:      layout_loops_ring, mainiacjoe_overflow_alcove_2, minmay_door_square
D:4:      layout_loops_ring, old_standard_altar, kennysheep_generic_room_9,
          uniq_menkaure
D:5:      layout_basic, lightli_sewer_entry_pipes, uniq_ijyb
D:6:      layout_basic, lemuel_doored_altar, nemelex_altar_shiori,
          minmay_temple_entry_arrows
D:7:      layout_rooms, nicolae_ru_sacrificial_ziggurat,
          mainiacjoe_overflow_alcove_4, moated_statue, minmay_misc_feat_chi
D:8:      layout_loops_ring, nicolae_vehumet_altar_sigil,
          nicolae_ossuary_entry_false_entrances, uniq_maggie, uniq_amaemon
D:9:      nicolae_hitomezashi [nicolae_hito_row, nicolae_hito_row,
          nicolae_hito_row, nicolae_hito_row, nicolae_hito_row,
          nicolae_hito_row, nicolae_hito_row, nicolae_hito_row,
          nicolae_hito_row, nicolae_hito_row, nicolae_hito_row,
          nicolae_hito_row, nicolae_hito_row, nicolae_hito_row,
          nicolae_hito_row, nicolae_hito_row, nicolae_hito_row,
          nicolae_hito_row], layout_rooms, mainiacjoe_overflow_surrounded_room,
          xom_teletrap_fun, lemuel_crystal_altar, lair_entry_dummy,
          hiddenorc1_lemuel, enter_bailey_2, roderic_batcave,
          corexii_leaking_fountain
D:10:     layout_gridville, nicolae_dithmenos_through_a_glass_darkly,
          zin_treasury, hangedman_fish_farm
D:11:     layout_basic, uniq_grum
D:12:     layout_roguey
D:13:     kennysheep_treasure_stockpile, layout_gridville, david_vaults_5,
          gauntlet_entry_generic, hangedman_tell_no_tales, uniq_jorgrun
D:14:     layout_gridville, ebering_ghost_gozag, minmay_staircase_windowed_small
D:15:     grunt_enter_depths_magical_seal, layout_cave_pools, solitary_fountain
Temple:   hellmonk_temple_rainy
Lair:1:   layout_hall_layers
Lair:2:   gammafunk_lair_enchanted_lake, layout_gridlike,
          alex1729_swamp_entry_worm_eleionoma, spider_nest_entry_rubble,
          chequers_serial_rivers_small_3
Lair:3:   layout_hall_layers, minivault_11, grunt_megastairs_1, uniq_rupert
Lair:4:   layout_concentric_octagons, gammafunk_ghost_grave,
          nicolae_volcano_entry_lava_flow, fungi_pond_lemuel, st_stairs_10,
          uniq_kirke
Lair:5:   minmay_lair_end_enchanted_forest, layout_gridlike, slime_entry_2
Orc:1:    layout_diamond_mine, basic_altar, portal_ice_cave_entry_imps,
          uniq_erica
Orc:2:    st_orc_pillars, layout_caves, serial_shops,
          nicolae_shop_window_shopping, nicolae_orc_tapped_out
Elf:1:    eino_elf_arrival_altar, layout_onion_city, hangedman_corner_corridor
Elf:2:    nicolae_elf_blades_crystal_corner, layout_gridlike,
          portal_desolation_entry_salt, serial_shops, nicolae_shop_waterfront
Desolation

Skill      XL: |  1  2  3  4  5  6  7  8  9 10 11 12 13 14 15 16 17 18 |
---------------+-------------------------------------------------------+-----
Spellcasting   | 3 4 5 |  5.0
Poison Magic   | 5 7 9 10 11 12 13 14 15 16 17 | 17.0
Fighting       | 2 3 4 6 7 8 9 10 11 12 | 12.6
Armour         | 1 3 4 6 7 8 9 10 11 12 | 12.5
Dodging        | 2 3 4 5 6 7 8 9 10 | 10.5
Invocations    | 2 3 5 6 7 9 10 11 12 13 | 13.4
Transmutations | 3 4 5 6 7 8 |  8.0
Evocations     | 1 3 5 6 7 8 9 10 11 | 11.5
Axes           | 2 4 5 6 8 10 | 10.6
Shields        | 2 5 7 8 9 10 11 | 11.4
Throwing       | 2 3 |  3.2
Stealth        | |  2.4

Action                     |  1- 3 |  4- 6 |  7- 9 | 10-12 | 13-15 | 16-18 || total
---------------------------+-------+-------+-------+-------+-------+-------++-------
  Melee: Unarmed           |     8 |       |       |       |       |       ||     8
         Short sword       |    30 |    38 |    44 |    61 |       |       ||   173
         Whip              |       |       |   150 |       |       |       ||   150
         Punch             |       |       |     4 |    10 |       |       ||    14
         Staff             |       |       |    14 |   169 |   706 |   248 ||  1137
         Battleaxe         |       |       |       |   211 |     6 |   341 ||   558
         Hand axe          |       |       |       |       |     5 |       ||     5
         Halberd           |       |       |       |       |     2 |       ||     2
         Broad axe         |       |       |       |       |       |    36 ||    36
   Fire: Arbalest          |       |       |       |       |     8 |       ||     8
  Throw: Dart              |       |       |       |     1 |       |       ||     1
         Boomerang         |       |       |       |       |       |     5 ||     5
   Cast: Sting             |    55 |    50 |    13 |     2 |       |       ||   120
         Olgreb's Toxic Ra |       |     4 |    44 |    61 |   127 |    72 ||   308
         Mephitic Cloud    |       |       |     2 |    13 |     5 |       ||    20
         Alistair's Intoxi |       |       |       |     1 |     3 |     2 ||     6
         Ignite Poison     |       |       |       |       |       |    18 ||    18
 Invoke: Slouch            |       |       |       |     8 |     5 |    14 ||    27
Ability: Shaft Self        |       |     1 |       |       |       |       ||     1
         Dig               |       |       |       |       |     1 |       ||     1
  Evoke: Wand              |       |       |     5 |     3 |       |     4 ||    12
         Condenser vane    |       |       |       |       |       |     1 ||     1
         Phantom mirror    |       |       |       |       |       |     1 ||     1
    Use: Potion            |       |     1 |       |     2 |     2 |     4 ||     9
         Scroll            |       |       |       |     7 |     8 |     7 ||    22
   Stab: Sleeping          |       |       |     3 |     1 |       |       ||     4
         Distracted        |       |       |     1 |       |       |     2 ||     3
         Confused          |       |       |     1 |     3 |     7 |     1 ||    12
         Petrified         |       |       |       |       |     2 |       ||     2
 Armour: Robe              |     9 |     2 |       |       |       |       ||    11
         Leather armour    |       |    10 |    56 |     7 |       |       ||    73
         Ring mail         |       |       |       |    35 |       |       ||    35
         Chain mail        |       |       |       |   162 |   306 |    73 ||   541
         Plate armour      |       |       |       |       |       |   124 ||   124
  Dodge: Dodged            |    31 |    32 |   156 |   352 |   482 |   271 ||  1324
  Block: Kite shield       |       |       |       |    22 |   647 |   659 ||  1328
         Reflection        |       |       |       |       |       |    39 ||    39

Table legend: (Time is in decaauts)
 A = Elapsed time spent in this place.
 B = Non-inter-level travel time spent in this place.
 C = Inter-level travel time spent in this place.
 D = Time resting spent in this place.
 E = Time spent auto-exploring this place.
 F = Levels seen in this place.
 G = Mean time per level.
                   A        B        C        D        E       F      G
               +--------+--------+--------+--------+--------+-----+--------+
         Total |  41850 |  39267 |   2583 |   5078 |  22301 |  34 | 1230.9 |
       Dungeon |  19329 |  17701 |   1628 |    927 |  12935 |  15 | 1288.6 |
        Temple |     74 |     74 |      0 |     61 |      0 |   1 |   74.0 |
          Lair |   8361 |   7911 |    450 |    297 |   5666 |   5 | 1672.2 |
  Orcish Mines |   2837 |   2425 |    412 |     31 |   1036 |   2 | 1418.5 |
   Elven Halls |   2051 |   1960 |     91 |    175 |   1412 |   2 | 1025.5 |
         Abyss |    576 |    576 |      0 |      0 |      0 |   2 |  288.0 |
         Sewer |    875 |    875 |      0 |     13 |    473 |   1 |  875.0 |
       Ossuary |    421 |    421 |      0 |     50 |    167 |   1 |  421.0 |
        Bailey |   1362 |   1362 |      0 |    208 |    409 |   1 | 1362.0 |
      Ice Cave |   2725 |   2725 |      0 |   1868 |     52 |   1 | 2725.0 |
       Volcano |   1121 |   1121 |      0 |    511 |      0 |   1 | 1121.0 |
    Desolation |   1580 |   1580 |      0 |    874 |    148 |   1 | 1580.0 |
      Gauntlet |    531 |    531 |      0 |     63 |      0 |   1 |  531.0 |
               +--------+--------+--------+--------+--------+-----+--------+

Top non-repeatable levels by time:
   IceCv: 2725 daAuts
    D:13: 2645 daAuts
  Lair:2: 2192 daAuts
     D:8: 1973 daAuts
   Orc:2: 1937 daAuts
   Elf:1: 1881 daAuts
     D:5: 1775 daAuts
  Lair:5: 1741 daAuts
     D:9: 1629 daAuts
  Lair:4: 1620 daAuts
Desolation: 1580 daAuts
    D:11: 1472 daAuts
  Lair:3: 1439 daAuts
    D:14: 1384 daAuts
  Lair:1: 1367 daAuts
